 Dungeon Sprint DCSS version 0.22-a0-303-g4a852b3 (webtiles) character file.

1509 Crelarid the Thaumaturge (level 8, -6/68 HPs)
             Began as a Gnoll Skald on Mar 27, 2018.
             Was a High Priest of Yredelemnul.
             Mangled by a vampire knight
             ... wielding a +0 long sword
              (15 damage)
             ... while paralysed by a vampire knight
             ... in the Dungeon (Sprint VII: "The Pits").
             The game lasted 00:10:41 (1168 turns).

Crelarid the Thaumaturge (Gnoll Skald)              Turns: 1168, Time: 00:10:41

Health: -6/68      AC: 17    Str: 21    XL:     8   Next: 82%
Magic:  6/20       EV:  2    Int: 15    God:    Yredelemnul [*****.]
Gold:   0          SH:  0    Dex: 16    Spells: 13/24 levels left

rFire    . . .     SeeInvis .   y - +4 quarterstaff (speed)
rCold    . . .     Gourm    .   (shield currently unavailable)
rNeg     . . .     Faith    .   x - +3 plate armour
rPois    .         Spirit   .   (no helmet)
rElec    .         Reflect  .   (no cloak)
rCorr    .         Harm     .   (no gloves)
MR       .....     NoTele   +   v - +0 pair of boots
Stlth    ..........             (no amulet)
HPRegen  0.21/turn              q - +3 ring of strength
MPRegen  0.17/turn              s - +3 ring of strength

@: paralysed
A: distributed training, fangs 1, evolution 1, subdued magic 1, strong nose
a: Recall Undead Slaves, Injury Mirror, Animate Dead, Drain Life, Enslave Soul,
Renounce Religion


You were in the Dungeon.
You worshipped Yredelemnul.
Yredelemnul was extremely pleased with you.
You were near starving.

You visited 1 branch

Inventory:

Hand Weapons
 o - a +2 mace of protection
 y - a +4 quarterstaff of speed (weapon)
Armour
 v - a +0 pair of boots (worn)
 x - a +3 plate armour (worn)
Jewellery
 q - a +3 ring of strength (left hand)
 s - a +3 ring of strength (right hand)
Scrolls
 j - a scroll of blinking
 l - 3 scrolls of remove curse
 m - 5 scrolls of amnesia
 n - a scroll of summoning
Potions
 e - 6 potions of curing
 f - 11 potions of heal wounds
 g - a potion of haste
 h - 4 potions of magic
 i - 2 potions of berserk rage
 k - 2 potions of invisibility
 r - 2 potions of agility
 t - a potion of brilliance
Comestibles
 d - 8 rations


   Skills:
 + Level 8.3 Fighting
 + Level 6.8 Short Blades
 + Level 8.3 Long Blades
 + Level 6.8 Axes
 + Level 6.8 Maces & Flails
 + Level 6.8 Polearms
 + Level 6.8 Staves
 + Level 6.8 Slings
 + Level 6.8 Bows
 + Level 6.8 Crossbows
 + Level 6.8 Throwing
 + Level 7.3 Armour
 + Level 8.3 Dodging
 + Level 6.8 Stealth
 + Level 6.8 Shields
 + Level 6.8 Unarmed Combat
 + Level 8.5 Spellcasting
 + Level 5.6 Conjurations
 + Level 5.6 Hexes
 + Level 7.9 Charms
 + Level 5.6 Summonings
 + Level 5.6 Necromancy
 + Level 5.6 Translocations
 + Level 5.6 Transmutations
 + Level 5.6 Fire Magic
 + Level 5.6 Ice Magic
 + Level 5.6 Air Magic
 + Level 5.6 Earth Magic
 + Level 5.6 Poison Magic
 + Level 7.4 Invocations
 + Level 6.8 Evocations


You had 13 spell levels left.
You knew the following spells:

 Your Spells              Type           Power        Failure   Level  Hunger
a - Infusion              Chrm           ###.         6%          1    None
b - Song of Slaying       Chrm           ###.....     10%         2    None
c - Shroud of Golubria    Chrm/Tloc      ###.......   16%         2    None
d - Regeneration          Chrm/Necr      ###.......   32%         3    ##.....
e - Spectral Weapon       Hex/Chrm       ###.....     32%         3    ##.....


Dungeon Overview and Level Annotations

Branches:
Dungeon (1/1)

Altars:
Ashenzari
Cheibriados
Dithmenos
Elyvilon
Fedhas
Gozag
Hepliaklqana
Kikubaaqudgha
Makhleb
Nemelex Xobeh
Okawaru
Qazlal
Ru
Sif Muna
Trog
Uskayaw
Vehumet
Wu Jian
Xom
Yredelemnul
Zin
The Shining One
Beogh
Jiyva
Lugonu


Innate Abilities, Weirdness & Mutations

Your experience applies equally to all skills.
You have very sharp teeth.
Your uncanny sense of smell can sniff out nearby items.
You evolve.
Your spells are a little easier to cast, but a little less powerful.


Message History

Deactivating autopickup; reactivate with Ctrl-A.
The orc warrior closely misses you.
The orc knight hits you with an enchanted war axe!
* * * LOW HITPOINT WARNING * * *
The orc knight hits your spriggan zombie but does no damage.
Your spriggan zombie hits the orc knight but does no damage.
The orc knight no longer looks unusually strong.
The orc knight roars a battlecry!
The orcs go into a battle-frenzy!
Your spriggan zombie hits the orc knight with a short sword.
The orc knight hits your spriggan zombie with an enchanted war axe!
The orc knight hits your spriggan zombie with an enchanted great mace!!!
Your spriggan zombie is destroyed!
The orc knight roars a battlecry!
The orc knight goes into a battle-frenzy!
You hear some strange, mumbled words.
You suddenly lose the ability to move!
Something hits you!
You die...
Your body rises from the dead as a mindless zombie.

.#.)#####'#####''######
.#ZZ##.......##''######
##ZZ##.......##..........#
.#.Z##.......##..........+
.#'###...<...##..#####...#
Z...##.......##..+ #...
....##.......##..# #).
######.......##..# #)#####
.#..###########.@#####)'h..#
.#.############...o.{oo#
.#.#....#....##...o..))#
.#'#....#ZZ.[###+###...#
.#.)Z..Z'z.))# +...#
.#'#....#.Z[)# #.....
.'.#....#..))# #.......
############## ########


You could see 2 orc knights and 2 orc warriors.

Vanquished Creatures
  A shadow wraith (D)
  A bog body (D)
  A spriggan (D)
  An ice beast (D)
  An orc warrior (D)
  A black bear (D)
  A jelly (D)
  A gnoll shaman (D)
  An adder (D)
  2 oozes (D)
  A leopard gecko (D)
  2 orcs (D)
  A bat skeleton (D)
  A giant cockroach (D)
  A hobgoblin (D)
  5 jackals (D)
  A ball python (D)
  2 frilled lizards (D)
  A giant cockroach zombie (D)
  A kobold (D)
27 creatures vanquished.

Vanquished Creatures (collateral kills)
  A manticore (D)
  A flying skull (D)
  A soldier ant (D)
  A phantom (D)
  A hell rat (D)
  A worker ant (D)
  An ooze (D)
  2 orcs (D)
  A jackal (D)
10 creatures vanquished.

Vanquished Creatures (others)
  8 flying skulls (D)
  A vampire (D)
  A spriggan zombie (D)
  2 wights (D)
  A bog body skeleton (D)
  A mummy (D)
  An adder zombie (D)
  A gnoll zombie (D)
  A ball python zombie (D)
  A frilled lizard zombie (D)
  4 jackal zombies (D)
  A leopard gecko zombie (D)
23 creatures vanquished.

Grand Total: 60 creatures vanquished

Notes
Turn   | Place    | Note
-------+----------+-------------------------------------------
     0 | D        | Crelarid the Gnoll Skald began the quest for the Orb.
     0 | D        | Reached XP level 1. HP: 20/20 MP: 6/6
    19 | D        | Reached skill level 1 in Short Blades
    19 | D        | Reached skill level 1 in Axes
    19 | D        | Reached skill level 1 in Maces & Flails
    19 | D        | Reached skill level 1 in Polearms
    19 | D        | Reached skill level 1 in Staves
    19 | D        | Reached skill level 1 in Slings
    19 | D        | Reached skill level 1 in Bows
    19 | D        | Reached skill level 1 in Crossbows
    19 | D        | Reached skill level 1 in Throwing
    19 | D        | Reached skill level 1 in Stealth
    19 | D        | Reached skill level 1 in Shields
    19 | D        | Reached skill level 1 in Unarmed Combat
    19 | D        | Reached skill level 5 in Spellcasting
    19 | D        | Reached skill level 1 in Invocations
    19 | D        | Reached skill level 1 in Evocations
    19 | D        | Reached XP level 2. HP: 26/26 MP: 4/8
    25 | D        | Found a bloodstained altar of Trog.
    25 | D        | Found a deep blue altar of Sif Muna.
    25 | D        | Found a viscous altar of Jiyva.
    25 | D        | Found a hazy altar of Hepliaklqana.
    25 | D        | Found an opulent altar of Gozag.
    26 | D        | Found a glowing golden altar of the Shining One.
    26 | D        | Found a glowing silver altar of Zin.
    26 | D        | Found a basalt altar of Yredelemnul.
    26 | D        | Found a shimmering altar of Xom.
    26 | D        | Found an ornate altar of the Wu Jian Council.
    26 | D        | Found a sacrificial altar of Ru.
    26 | D        | Found a stormy altar of Qazlal.
    26 | D        | Found an iron altar of Okawaru.
    26 | D        | Found a sparkling altar of Nemelex Xobeh.
    26 | D        | Found a burning altar of Makhleb.
    26 | D        | Found a blossoming altar of Fedhas.
    26 | D        | Found a white marble altar of Elyvilon.
    26 | D        | Found a shadowy altar of Dithmenos.
    26 | D        | Found a snail-covered altar of Cheibriados.
    28 | D        | Found a radiant altar of Vehumet.
    28 | D        | Found a corrupted altar of Lugonu.
    28 | D        | Found a roughly hewn altar of Beogh.
    29 | D        | Found a hide-covered altar of Uskayaw.
    29 | D        | Found an ancient bone altar of Kikubaaqudgha.
    29 | D        | Found a shattered altar of Ashenzari.
    33 | D        | Became a worshipper of Yredelemnul the Dark
    77 | D        | Reached skill level 1 in Conjurations
    77 | D        | Reached skill level 1 in Hexes
    77 | D        | Reached skill level 1 in Summonings
    77 | D        | Reached skill level 1 in Necromancy
    77 | D        | Reached skill level 1 in Translocations
    77 | D        | Reached skill level 1 in Transmutations
    77 | D        | Reached skill level 1 in Fire Magic
    77 | D        | Reached skill level 1 in Ice Magic
    77 | D        | Reached skill level 1 in Air Magic
    77 | D        | Reached skill level 1 in Earth Magic
    77 | D        | Reached skill level 1 in Poison Magic
   158 | D        | Reached * piety under Yredelemnul
   395 | D        | Reached ** piety under Yredelemnul
   398 | D        | Reached *** piety under Yredelemnul
   400 | D        | Reached XP level 3. HP: 24/32 MP: 1/9
   651 | D        | Learned a level 2 spell: Song of Slaying
   654 | D        | Learned a level 2 spell: Shroud of Golubria
   658 | D        | Learned a level 3 spell: Regeneration
   662 | D        | Learned a level 3 spell: Spectral Weapon
   662 | D        | Noticed a phantom
   663 | D        | Noticed an ice beast
   675 | D        | Reached **** piety under Yredelemnul
   675 | D        | Reached skill level 5 in Fighting
   675 | D        | Reached skill level 5 in Long Blades
   675 | D        | Reached skill level 5 in Dodging
   675 | D        | Reached XP level 4. HP: 39/39 MP: 9/11
   677 | D        | Killed an ice beast
   677 | D        | Reached XP level 5. HP: 46/46 MP: 9/13
   677 | D        | Received a gift from Yredelemnul (a wight)
   685 | D        | Killed a phantom
   685 | D        | Reached XP level 6. HP: 52/52 MP: 10/15
   689 | D        | Noticed a black bear
   693 | D        | Received a gift from Yredelemnul (4 flying skulls)
   696 | D        | Killed a black bear
   696 | D        | Reached skill level 5 in Armour
   757 | D        | Reached skill level 5 in Invocations
   773 | D        | Reached ***** piety under Yredelemnul
   778 | D        | Received a gift from Yredelemnul (a mummy)
   838 | D        | Noticed a flying skull
   838 | D        | Noticed a soldier ant
   850 | D        | Killed a flying skull
   850 | D        | Reached skill level 5 in Short Blades
   850 | D        | Reached skill level 5 in Axes
   850 | D        | Reached skill level 5 in Maces & Flails
   850 | D        | Reached skill level 5 in Polearms
   850 | D        | Reached skill level 5 in Staves
   850 | D        | Reached skill level 5 in Slings
   850 | D        | Reached skill level 5 in Bows
   850 | D        | Reached skill level 5 in Crossbows
   850 | D        | Reached skill level 5 in Throwing
   850 | D        | Reached skill level 5 in Stealth
   850 | D        | Reached skill level 5 in Shields
   850 | D        | Reached skill level 5 in Unarmed Combat
   850 | D        | Reached skill level 5 in Evocations
   850 | D        | Reached XP level 7. HP: 32/59 MP: 15/17
   855 | D        | Killed a soldier ant
   873 | D        | Killed a shadow wraith
   873 | D        | Reached skill level 5 in Conjurations
   873 | D        | Reached skill level 5 in Hexes
   873 | D        | Reached skill level 5 in Summonings
   873 | D        | Reached skill level 5 in Necromancy
   873 | D        | Reached skill level 5 in Translocations
   873 | D        | Reached skill level 5 in Transmutations
   873 | D        | Reached skill level 5 in Fire Magic
   873 | D        | Reached skill level 5 in Ice Magic
   873 | D        | Reached skill level 5 in Air Magic
   873 | D        | Reached skill level 5 in Earth Magic
   873 | D        | Reached skill level 5 in Poison Magic
   873 | D        | Reached XP level 8. HP: 21/68 MP: 18/20
   873 | D        | Received a gift from Yredelemnul (2 flying skulls)
   873 | D        | Received a gift from Yredelemnul (a wight)
   982 | D        | Gained mutation: Your spells are a little easier to cast, but a little less powerful. [potion of mutation]
   982 | D        | Gained mutation: You evolve. [potion of mutation]
  1086 | D        | Noticed a spriggan
  1086 | D        | Noticed a bog body
  1092 | D        | Killed a spriggan
  1096 | D        | Killed a bog body
  1104 | D        | Noticed a manticore
  1116 | D        | Killed a manticore
  1130 | D        | Received a gift from Yredelemnul (a vampire)
  1130 | D        | Received a gift from Yredelemnul (2 flying skulls)
  1133 | D        | Noticed an orc knight
  1138 | D        | Noticed an orc knight
  1152 | D        | Noticed a vampire knight
  1160 | D        | HP: 1/68 [orc knight/enchanted great mace (18)]
  1166 | D        | Paralysed by something for 7 turns
  1168 | D        | Mangled by a vampire knight

Vault maps used:
D:        pitsprint

Skill      XL: |  1  2  3  4  5  6  7  8 |
---------------+-------------------------+-----
Short Blades   | 1 2 3 4 5 6 |  6.8
Axes           | 1 2 3 4 5 6 |  6.8
Maces & Flails | 1 2 3 4 5 6 |  6.8
Polearms       | 1 2 3 4 5 6 |  6.8
Staves         | 1 2 3 4 5 6 |  6.8
Slings         | 1 2 3 4 5 6 |  6.8
Bows           | 1 2 3 4 5 6 |  6.8
Crossbows      | 1 2 3 4 5 6 |  6.8
Throwing       | 1 2 3 4 5 6 |  6.8
Stealth        | 1 2 3 4 5 6 |  6.8
Shields        | 1 2 3 4 5 6 |  6.8
Unarmed Combat | 1 2 3 4 5 6 |  6.8
Spellcasting   | 5 6 7 8 |  8.5
Invocations    | 1 2 3 4 5 6 7 |  7.4
Evocations     | 1 2 3 4 5 6 |  6.8
Conjurations   | 1 2 3 4 5 |  5.6
Hexes          | 1 2 3 4 5 |  5.6
Summonings     | 1 2 3 4 5 |  5.6
Necromancy     | 1 2 3 4 5 |  5.6
Translocations | 1 2 3 4 5 |  5.6
Transmutations | 1 2 3 4 5 |  5.6
Fire Magic     | 1 2 3 4 5 |  5.6
Ice Magic      | 1 2 3 4 5 |  5.6
Air Magic      | 1 2 3 4 5 |  5.6
Earth Magic    | 1 2 3 4 5 |  5.6
Poison Magic   | 1 2 3 4 5 |  5.6
Armour         | 3 4 5 6 7 |  7.3
Fighting       | 5 6 7 8 |  8.3
Long Blades    | 5 6 7 8 |  8.3
Dodging        | 5 6 7 8 |  8.3
Charms         | 6 7 |  7.9

Action                   |  1- 3 |  4- 6 |  7- 9 || total
-------------------------+-------+-------+-------++-------
Melee: Falchion          |    20 |       |       ||    20
       Mace              |     4 |    45 |    11 ||    60
       Bite              |     2 |     8 |     6 ||    16
       Quarterstaff      |       |       |    25 ||    25
 Cast: Infusion          |     4 |       |       ||     4
Invok: Animate Remains   |     5 |       |       ||     5
       Animate Dead      |     1 |     3 |     1 ||     5
       Drain Life        |       |       |     3 ||     3
  Use: Potion            |     1 |       |     4 ||     5
  Eat: Ration            |       |     1 |       ||     1
Armor: Leather armour    |     2 |       |       ||     2
       Plate armour      |     2 |    51 |    20 ||    73
Dodge: Dodged            |    19 |    14 |    10 ||    43
       Rpst.: Falchion   |    11 |       |       ||    11

Table legend:
 A = Spawn XP
 B = Non-spawn XP
 C = Spawn XP percentage of total XP
 D = Spawn monster count
 E = Non-spawn monster count
 F = Spawn count percentage of total count
 G = Total turns spent on level
                    A         B        C        D         E        F      G
               +---------+---------+-------+---------+---------+-------+---------
         Total |       0 |    2156 |   0.0 |       0 |      37 |   0.0 |  1168
               +---------+---------+-------+---------+---------+-------+---------
             D |       0 |    2156 |   0.0 |       0 |      37 |   0.0 |  1168
               +---------+---------+-------+---------+---------+-------+---------
